 Dungeon Crawl Stone Soup version 0.31-a0-1008-g5b978dac0e (webtiles) character file.

Game seed: 5072037395320177054

24 Amplified the Caller (level 2, -1/6 HPs)
             Began as a Demonspawn Summoner on Nov 12, 2023.
             Slain by Natasha (7 damage)
             ... on level 2 of the Dungeon.
             The game lasted 00:02:02 (1393 turns).

Amplified the Caller (Demonspawn Summoner)          Turns: 1393, Time: 00:02:04

Health: -1/6       AC:  3    Str:  8    XL:     2   Next: 79%
Magic:  5/5        EV: 12    Int: 16    God:
Gold:   34         SH:  0    Dex: 13    Spells: 4/5 levels left

rFire   + . .        c - melded +1 dagger
rCold   + . .        (shield currently unavailable)
rNeg    . . .        a - +0 robe
rPois   +            (no helmet)
rElec   +            (no cloak)
rCorr   +            (no gloves)
SInv    .            l - +0 pair of boots
Will    .....        (no amulet)
Stlth   +            (no ring)
HPRegen 0.21/turn    (no ring)
MPRegen 0.09/turn

%: no passive effects
@: flux-form, resistant, slowed, glowing, very slow
A: glow, contaminating, reduced hp, spiny 1
a: Begin Untransformation


You were on level 2 of the Dungeon.
You were something dangerously unstable.
You visited 1 branch of the dungeon, and saw 2 of its levels.

You collected 34 gold pieces.

Inventory:

Hand Weapons
 c - a +1 dagger (melded)
Missiles
 e - 6 poisoned darts
 h - a throwing net
Armour
 a - a +0 robe (worn)
 l - a +0 pair of boots (worn)
Talismans
 d - a flux talisman (active)
 g - a serpent talisman
Potions
 b - a potion of magic
 j - a potion of cancellation {unknown}
 k - a potion of heal wounds {unknown}


   Skills:
 * Level 1.3 Fighting
 * Level 1.1 Armour
 * Level 2.2 Dodging
 - Level 1.7 Stealth
 - Level 2.0 Spellcasting
 - Level 4.0 Summonings


You had 4 spell levels left.
You knew the following spells:

 Your Spells              Type           Power      Damage    Failure   Level
a - Summon Small Mammal   Summ           56%        N/A       4%          1

Your spell library contained the following spells:

 Spells                   Type           Power      Damage    Failure   Level
 Call Imp                 Summ           28%        N/A       6%          2
 Call Canine Familiar     Summ           14%        N/A       12%         3
 Summon Guardian Golem    Hex/Summ       8%         N/A       26%         3
 Lesser Beckoning         Tloc           2%         N/A       30%         2
 Gell's Gravitas          Tloc           1%         N/A       52%         3
 Teleport Other           Tloc           1%         N/A       52%         3
 Summon Lightning Spire   Summ/Air       8%         N/A       65%         4
 Vhi's Electric Charge    Tloc/Air       2%         N/A       90%         4
 Arcjolt                  Conj/Air       0%         1d10      99%         5
 Plasma Beam              Fire/Air       0%         2x1d10    100%        6


Dungeon Overview and Level Annotations

Branches:
Dungeon (2/15)

Altars:

Shops:
D:2 ?

Annotations:
D:2 Natasha


Innate Abilities, Weirdness & Mutations

You are something dangerously unstable.
You glow with magical radiation, making you easy to see and hit.
Foes you strike become dangerously contaminated with magical radiation.
Your maximum health is decreased, since you lack skill for your form.
You are incapable of wielding weapons or throwing items.
You are partially covered in sharp spines.


Message History

Natasha's front paws start to glow.
Natasha casts a spell at you. The magic dart hits you!
Natasha stares at you and mumbles some strange words.
The magic dart hits you!
You turn into something dangerously unstable.
Your +1 dagger melds into your body.
Unknown command.
Unknown command.
Unknown command.
Unknown command.
Unknown command.
You closely miss Natasha.
Natasha is lightly wounded.
Natasha claws you.
Ouch! That really hurt!
* * * LOW HITPOINT WARNING * * *
Unknown command.
You feel better.
Natasha mumbles some strange words.
Natasha barely misses you.
You aren't carrying any scrolls.
Unknown command.
Okay, then.
Okay, then.
Unknown command.
Natasha stares at you and mumbles some strange words.
You feel as though you will be slow longer.
The cerulean imp barely misses you.
Unknown command.
You aren't carrying any scrolls.
Unknown command.
It was a potion of resistance.
You feel protected.
Natasha howls an incantation.
You feel disoriented. Natasha is struck by your spines. Natasha claws you!
Ouch! That really hurt!
You die...
Natasha begins licking her fur clean.

#*#.# **,,,** #.#
###.##**,,,,,** #.####
.#...#*,,,,,,,**#[##.##
.....#,,,,,,,,,##.#...##
..>..+,,,,,,,,,+.......#
...###,,,,,,,,,##.#...##
.#.# **,,,,,,,##...#.##
##.# **,,,,,*#......#
#.# **,,,**##p..#.# #.#
*#+######h##.#
*.#*****#.....h.###.#
*,**,,,,....###5# *.#
**,**,***#,*,* #.# *,*
,,,,,,,**,,,,* #.# *,*
**,,,,,,,,,,,* #.# *,*
*****,,**,,,,**#.#**,*
,,,,,,,***,,,,,...,,,*


You could see Natasha.

Vanquished Creatures
  A worm (D:2)
  A bat (D:1)
  An endoplasm (D:2)
  A giant cockroach (D:1)
  A hobgoblin (D:2)
  A jackal (D:1)
  2 quokkas
  3 ball pythons
  A frilled lizard (D:1)
  3 kobolds (D:1)
  2 rats (D:1)
17 creatures vanquished.

Vanquished Creatures (collateral kills)
  A hobgoblin (D:1)
  A jackal (D:1)
  A quokka (D:2)
  A kobold (D:1)
4 creatures vanquished.

Grand Total: 21 creatures vanquished

Notes
Turn   | Place    | Note
-------+----------+-------------------------------------------
     0 | D:1      | Amplified the Demonspawn Summoner began the quest for the
                  | Orb.
     0 | D:1      | Reached XP level 1. HP: 13/13 MP: 3/3
   223 | D:1      | Gained mutation: You are partially covered in sharp spines.
                  | [demonic ancestry]
   223 | D:1      | Reached XP level 2. HP: 18/20 MP: 3/5
   800 | D:1      | Reached skill level 1 in Fighting
  1136 | D:2      | Reached skill level 1 in Armour
  1187 | D:2      | Found Feqimuyl's Magic Scroll Shoppe.
  1383 | D:2      | Noticed Natasha
  1393 | D:2      | Slain by Natasha

Illustrated notes

Levels and vault maps discovered:
D:1:      dpeg_arrival_rooms_c, layout_basic, serial_co_window_serial,
          co_window_of_opportunity_a, co_window_paths_a, co_window_paths_b,
          co_window_corner_a, co_window_paths_a, co_window_broadway_c,
          co_window_unsneaky_path_a, co_window_broadway_a,
          co_window_of_opportunity_b, co_window_sun, co_window_4corner_b,
          glass_columns_b, glass_columns_a, glass_columns_c, glass_columns_c,
          glass_columns_b, minmay_misc_feat_roman
D:2:      minmay_inner_zag, layout_loops_corners, serial_shops,
          nicolae_shop_hallway_plus, chequers_serial_rivers_room_b,
          nicolae_wormholes, uniq_natasha

Skill      XL: |  1  2 |
---------------+-------+-----
Dodging        | 2 |  2.2
Fighting       | 1 |  1.3
Armour         | 1 |  1.1
Stealth        | |  1.7
Spellcasting   | |  2.0
Summonings     | |  4.0

Action                     || total
---------------------------++-------
  Melee: Dagger            ||    44
         Unarmed           ||    10
   Cast: Summon Small Mamm ||    14
    Use: Scroll            ||     3
         Potion            ||     3
   Stab: Sleeping          ||     1
 Armour: Robe              ||    23
  Dodge: Dodged            ||    43
   Form: Flux              ||     1

Table legend: (Time is in decaauts)
 A = Elapsed time spent in this place.
 B = Non-inter-level travel time spent in this place.
 C = Inter-level travel time spent in this place.
 D = Time resting spent in this place.
 E = Time spent auto-exploring this place.
 F = Levels seen in this place.
 G = Mean time per level.
                   A        B        C        D        E       F      G
               +--------+--------+--------+--------+--------+-----+--------+
         Total |   1395 |   1355 |     40 |     34 |   1062 |   2 |  697.5 |
       Dungeon |   1395 |   1355 |     40 |     34 |   1062 |   2 |  697.5 |
               +--------+--------+--------+--------+--------+-----+--------+

Top non-repeatable levels by time:
     D:1: 1094 daAuts
     D:2: 300 daAuts
